 Dungeon Crawl Stone Soup version 0.17-a0-1078-g243345b (webtiles) character file.

4 l0ser140 the Sneak (level 1, -1/10 HPs)
             Began as a Kobold Enchanter on May 19, 2015.
             Slain by a giant gecko (3 damage)
             ... on level 1 of the Dungeon.
             The game lasted 00:00:43 (69 turns).

l0ser140 the Sneak (Kobold Enchanter)                 Turns: 69, Time: 00:00:43

Health: -1/10      AC:  3    Str:  6    XL:     1   Next: 77%
Magic:  3/3        EV: 15    Int: 13    God:
Gold:   0          SH:  0    Dex: 16    Spells: 1 memorised, 3 levels left

rFire  . . .     SeeInvis .     a - +1 dagger
rCold  . . .     Clarity  .     b - +1 robe
rNeg   . . .     SustAb   .     (shield restricted)
rPois  .         Gourm    .     (no helmet)
rElec  .         Spirit   .     (no cloak)
rCorr  .         Warding  .     (no gloves)
rMut   .         Stasis   .     (no boots)
MR     .....                    (no amulet)
Stlth  +++.......               (no ring)
                                (no ring)

@: not resistant to hostile enchantments, fairly stealthy
A: carnivore 3
a: no special abilities


You were on level 1 of the Dungeon.
You were not hungry.

You visited 1 branch of the dungeon, and saw 1 of its levels.

Inventory:

Hand weapons
 a - a +1 dagger (weapon)
Armour
 b - a +1 robe (worn)
Scrolls
 e - a scroll of amnesia {unknown}
Books
 c - a book of Maledictions

   Spells                             Type                      Level
   a - Corona                         Hexes                        1
   b - Ensorcelled Hibernation        Hexes/Ice                    2
   c - Confuse                        Hexes                        3
   d - Tukima's Dance                 Hexes                        3
   e - Dazzling Spray                 Conjuration/Hexes            3
Comestibles
 d - a meat ration


   Skills:
 - Level 1.3 Short Blades
 - Level 2.4 Dodging
 + Level 4.2 Stealth
 - Level 2.0 Spellcasting
 + Level 3.2 Hexes


You had 3 spell levels left.
You knew the following spells:

 Your Spells              Type           Power        Failure   Level  Hunger
y - Corona                Hex            #......      10%         1    ##.....


Dungeon Overview and Level Annotations

Branches:
Dungeon (1/15)

Altars:


Innate Abilities, Weirdness & Mutations

You are small and have problems with some larger weapons.
You are carnivorous and can eat meat at any time.


Message History

A rat is nearby!
A rat is nearby!
You barely miss the rat.
The rat is moderately wounded.
The rat closely misses you.
You hit the rat.
You kill the rat!
No target in view!
The goblin is too close now for your liking.
A hobgoblin comes into view.
The hobgoblin shouts!
The goblin shouts!
You closely miss the goblin. The goblin barely misses you.
You closely miss the goblin. The goblin barely misses you.
You closely miss the goblin. The goblin hits you but does no damage.
You hit the goblin.
You kill the goblin!
You hit the hobgoblin.
You kill the hobgoblin!
No target in view!
Things that are here:
a club; a hobgoblin corpse; a goblin corpse
e - a scroll labeled KEFRIEKIPT A rat comes into view.
A rat is nearby!
The rat moves out of view.
No target in view!
No target in view!
A hobgoblin comes into view.
You hit the rat.
You kill the rat!
A giant gecko comes into view.
Found a leather armour.
The helpless hobgoblin fails to defend itself.
You impale the hobgoblin!!
You kill the hobgoblin!
Found 12 gold pieces.
You see here a hobgoblin corpse.
You barely miss the giant gecko. The giant gecko closely misses you.
You closely miss the giant gecko. The giant gecko bites you.
The giant gecko bites you.
Ouch! That really hurt!
* * * LOW HITPOINT WARNING * * *
Huge Dmg: -70%(-7hp) hp: 30%(3hp)
You closely miss the giant gecko. The giant gecko bites you.
* * * LOW HITPOINT WARNING * * *
Huge Dmg: -10%(-1hp) hp: 20%(2hp) Unknown command.
You barely miss the giant gecko. The giant gecko bites you.
You die...

#.. #.# #.# #.# # #.#
# ##.###### #
#####.......#
#####.......#.#&######
......###.#.#.#.K....#
....#.###.#...#..l..$#
..........#..........#
....#.##..#..##......#
#####.##...........[.#
.)...........#########
############ # #


You could see a giant gecko.

Vanquished Creatures
  2 hobgoblins (D:1)
  A goblin (D:1)
  2 rats (D:1)
5 creatures vanquished.

Notes
Turn   | Place    | Note
--------------------------------------------------------------
     0 | D:1      | l0ser140 the Kobold Enchanter began the quest for the Orb.
     0 | D:1      | Reached XP level 1. HP: 10/10 MP: 3/3
    68 | D:1      | Huge Dmg: 7 Dmg
    69 | D:1      | Huge Dmg: 1 Dmg
    69 | D:1      | Slain by a giant gecko

Vault maps used:
D:1:      grunt_arrival_crossed_arrows, minmay_misc_feat_chi,
          minmay_misc_feat_plants, hangedman_decor_points,
          minmay_shallow_snake_nest

Action                   || total
-------------------------++-------
Melee: Dagger            ||    15
 Stab: Sleeping          ||     1

Vault maps used:
D:1:      grunt_arrival_crossed_arrows, minmay_misc_feat_chi,
          minmay_misc_feat_plants, hangedman_decor_points,
          minmay_shallow_snake_nest
